Map: Abandoned Camp

Players

Neko

  • Race: Terran Terran
  • Spawn Location: 3:00

second

  • Race: Zerg Zerg
  • Spawn Location: 5:00

Aristan

  • Race: Protoss Protoss
  • Spawn Location: 3:00

ILIEKEGGPIE - Winner!

  • Race: Terran Terran
  • League: Platinum
  • Spawn Location: 11:00

Constantine - Winner!

  • Race: Terran Terran
  • League: Bronze
  • Spawn Location: 9:00

XDJ - Winner!

  • Race: Zerg Zerg
  • Spawn Location: 7:00

VOD

Have the link to the VOD?

Description

Time

  • Played on: April 8, 2018, 1:11 a.m.
  • Length: 22:35
Show
View Real Time Build Order
Export as new Build Order

Neko Terran 

Build Orders:  

Get SALT Encoding   

  12  0:01  SCV  
  13  0:13  SCV  
  14  0:20  Supply Depot  
  14  0:25  SCV  
  15  0:41  SCV  
  16  0:44  Barracks  
  16  0:53  SCV  
  17  1:14  Command Center  
  17  1:32  Marine  
  17  1:33  Barracks  
  19  1:42  Orbital Command  
  18  1:50  Marine  
  19  2:01  Refinery  
  19  2:02  Refinery  
  19  2:08  SCV  
  20  2:20  SCV  
  21  2:25  Marine  
  21  2:26  Marine  
  21  2:29  Engineering Bay  
  23  2:32  SCV  
  23  2:34  SCV  
  25  2:46  SCV  
  26  2:51  Barracks Reactor  
  26  2:59  SCV  
  26  3:05  Supply Depot  
  27  3:10  Orbital Command  
  27  3:11  SCV  
  28  3:24  SCV  
  29  3:28  Supply Depot, Factory  
  29  3:35  SCV  
  29  3:36  SCV  
  29  3:41  Refinery  
  31  3:45  Refinery  
  31  3:47  SCV  
  31  3:48  SCV  
  33  3:49  Marine  
  33  3:50  Marine x2  
  36  3:59  SCV  
  37  4:10  Terran Infantry Weapons Level 1  
  37  4:12  SCV  
  37  4:14  Factory Tech Lab  
  38  4:18  Engineering Bay  
  38  4:45  Supply Depot  
  38  4:47  Siege Tank  
  38  4:50  Terran Infantry Armor Level 1  
  41  4:58  Barracks Tech Lab  
  41  5:05  Starport  
  41  5:07  Supply Depot  
  41  5:19  Siege Tank  
  41  5:20  Marauder  
  46  5:41  Marauder  
  48  6:06  Marauder  
  48  6:07  Marine x2  
  52  6:24  Marine  
  53  6:28  Marauder  
  43  7:08  Starport Reactor  
  43  7:10  Marine  
  43  7:11  Marine x2  
  43  7:15  Siege Tank  
  49  7:28  Armory  
  49  7:44  Viking x2  
  49  7:47  Siege Tank  
  49  7:48  Marine x3  
  59  7:58  Supply Depot  
  59  7:59  Supply Depot  
  59  8:01  Supply Depot  
  59  8:14  Viking x2  
  59  8:19  Siege Tank  
  66  8:22  Supply Depot  
  66  8:23  Supply Depot  
  66  8:24  Supply Depot  
  66  8:36  Terran Infantry Armor Level 2  
  66  8:37  Terran Infantry Weapons Level 2  
  66  8:44  Viking x2  
  66  8:48  Terran Ship Weapons Level 1  
  70  9:14  Marine x2  
  70  9:15  Marine  
  77  9:19  Medivac  
  77  9:20  Medivac  
  77  9:42  Thor  
  83  9:49  Medivac x2  
  83  10:19  Medivac x2  
  83  10:20  Marine x3  
  90  10:38  Marine x2  
  90  10:40  Marauder  
  94  10:56  Marine x2  
  96  11:01  Marauder  
  98  11:10  Terran Infantry Armor Level 3, Terran Infantry Weapons Level 3  
  98  11:13  Marine  
  98  11:14  Marine  
  100  11:23  Marauder  
  102  11:31  Marine x2  
  104  11:44  Marauder  
  106  11:49  Marine x2  
  108  12:05  Marauder  
  64  13:49  Medivac x2  
  64  13:50  Marine x2  
  64  13:51  Marine  
  52  14:08  Marine x3  
  55  14:19  Medivac x2  
  59  14:26  Marine x3  
  62  14:44  Marine x3  
  65  14:49  Medivac x2  
  69  14:54  Siege Tank  
  72  15:02  Marine x2  
  72  15:05  Marauder  
  76  15:18  Barracks x2  
  76  15:19  Marine x2, Medivac  
  80  15:26  Siege Tank  
  80  15:27  Marauder  
  85  15:37  Marine x2  
  87  15:45  Structure Armor  
  87  15:48  Marauder  
  89  15:54  Missile Turret  
  89  15:55  Marine x2  
  91  16:10  Marauder  
  91  16:11  Marine x2  
  93  16:13  Marine x2  
  97  16:20  Missile Turret  
  97  16:29  Marine x2  
  97  16:31  Marauder  
  101  16:42  Missile Turret  
  101  17:03  Missile Turret  
  47  18:31  Marine x2  
  47  18:32  Marine x2  
  47  18:33  Marine  
  52  18:36  Siege Tank  
  55  18:49  Marine  
  55  18:51  Marine  
    21:06  Orbital Command  
Show
View Real Time Build Order
Export as new Build Order

second Zerg 

Build Orders: Pool First 

Get SALT Encoding   

  12  0:02  Drone  
  13  0:09  Drone  
  13  0:13  Extractor  
  13  0:19  Overlord  
  13  0:24  Drone  
  14  0:44  Spawning Pool  
  14  0:45  Drone  
  15  0:50  Drone  
  15  0:59  Drone x2  
  17  1:09  Evolution Chamber  
  17  1:10  Drone  
  17  1:19  Drone  
  18  1:31  Queen  
  18  1:32  Drone  
  21  1:40  Metabolic Boost  
  21  1:45  Overlord  
  21  1:51  Zergling x2  
  22  2:04  Zergling x2  
  23  2:13  Overlord  
  23  2:26  Zergling x2  
  24  2:36  Zerg Ground Armor Level 1  
  24  2:38  Zergling x2  
  24  2:42  Zergling x6  
  28  2:54  Zergling x2  
  29  3:03  Zergling x2  
  30  3:16  Zergling x8  
  30  3:31  Zergling x2  
  30  3:48  Zergling x8  
  30  3:58  Zergling x2  
  30  4:04  Extractor  
  30  4:06  Lair  
  23  4:19  Zergling x4  
  22  4:28  Zergling x2  
  21  4:37  Zergling x6  
  24  4:57  Zergling x4  
  24  5:04  Queen  
  25  5:07  Zerg Melee Weapons Level 1  
  23  5:24  Spine Crawler  
  23  5:28  Spine Crawler  
  21  5:33  Zergling x4  
  21  5:34  Zergling x2  
  17  5:51  Drone  
  16  6:01  Spine Crawler, Drone  
  16  6:03  Queen  
  15  6:07  Drone  
  16  6:21  Zergling x4  
  16  6:22  Zergling x2  
  19  6:32  Zergling x2  
  21  7:01  Zergling x6  
  4  8:03  Hatchery  
  3  8:43  Hatchery  
  2  9:58  Queen  
  4  10:23  Spawning Pool  
  4  10:27  Spore Crawler  
  2  12:16  Lair  
  2  12:26  Drone  
  3  13:01  Hatchery  
  3  13:05  Drone x2  
  4  13:49  Hydralisk Den  
  4  13:59  Infestation Pit  
  3  14:05  Hydralisk Den  
  2  14:20  Drone  
  2  14:22  Queen  
  5  14:42  Muscular Augments  
  5  14:45  Drone x2  
  7  14:58  Hive  
  7  15:02  Drone  
  8  15:07  Drone x3  
  11  15:22  Drone x2  
  11  15:24  Evolution Chamber  
  13  15:35  Drone x2  
  14  15:45  Spine Crawler  
  13  15:54  Drone  
  13  15:55  Spine Crawler  
Show
View Real Time Build Order
Export as new Build Order

Aristan Protoss 

Build Orders:  

Get SALT Encoding   

  12  0:02  Probe  
  13  0:14  Probe  
  14  0:30  Pylon  
  14  0:33  Probe  
  15  0:48  Probe  
  16  1:00  Probe  
  17  1:08  Pylon  
  17  1:12  Probe  
  18  1:24  Probe  
  18  1:25  Assimilator  
  19  1:29  Assimilator  
  19  1:31  Gateway  
  19  1:36  Probe  
  19  1:38  Forge  
  20  1:48  Probe  
  21  2:00  Probe  
  22  2:07  Nexus  
  22  2:12  Probe  
  23  2:24  Probe (Chrono Boost)  
  24  2:44  Pylon  
  24  2:48  Photon Cannon  
  24  3:02  Pylon  
  24  3:05  Pylon  
  24  3:16  Cybernetics Core  
  24  3:22  Photon Cannon  
  24  3:31  Assimilator  
  24  3:33  Probe (Chrono Boost)  
  25  3:36  Assimilator  
  25  3:44  Probe (Chrono Boost)  
  26  3:48  Probe (Chrono Boost)  
  27  3:58  Warp Gate  
  27  4:00  Adept  
  29  4:15  Stargate  
  29  4:17  Stargate  
  29  4:22  Adept  
  29  4:26  Stargate  
  31  4:31  Probe (Chrono Boost)  
  32  4:41  Probe (Chrono Boost)  
  32  4:45  Adept  
  33  4:46  Probe (Chrono Boost)  
  36  4:57  Probe  
  37  5:07  Void Ray  
  37  5:08  Void Ray  
  37  5:10  Probe (Chrono Boost)  
  37  5:12  Sentry  
  48  5:15  Void Ray  
  52  5:22  Probe (Chrono Boost)  
  53  5:30  Probe (Chrono Boost)  
  46  7:03  Void Ray x2  
  46  7:04  Void Ray  
  58  7:13  Pylon  
  58  7:14  Pylon  
  58  7:17  Pylon  
  58  7:19  Stargate  
  58  7:46  Void Ray x3  
  68  8:20  Void Ray  
  72  8:29  Void Ray x3  
  84  8:38  Pylon  
  84  8:40  Photon Cannon  
  84  9:03  Void Ray  
  88  9:10  Protoss Air Weapons Level 1  
  88  9:12  Void Ray x3  
  100  9:19  Cybernetics Core  
  100  9:22  Probe  
  101  9:34  Probe  
  102  9:49  Probe  
  99  10:01  Probe  
  92  10:22  Void Ray x2  
  100  10:52  Pylon  
  100  10:54  Pylon  
  100  10:56  Pylon  
  100  10:58  Pylon  
  100  11:05  Protoss Air Armor Level 1  
  100  11:10  Void Ray x2  
  108  11:11  Void Ray x2  
  116  11:20  Fleet Beacon  
  116  11:53  Void Ray x2  
  124  12:09  Void Ray x2  
  132  12:26  Pylon  
  132  12:27  Pylon  
  132  12:29  Pylon  
  132  12:30  Pylon  
  132  12:44  Void Ray  
  136  13:04  Protoss Air Weapons Level 2  
  136  13:06  Protoss Air Armor Level 2  
  136  13:09  Void Ray x2  
  144  13:13  Probe  
  145  13:32  Nexus  
  145  13:59  Mothership  
  145  14:01  Void Ray  
  157  14:17  Void Ray  
  161  14:27  Void Ray  
  165  14:39  Protoss Shields Level 1  
  165  14:52  Pylon  
  165  14:53  Pylon  
  165  14:55  Pylon  
  165  14:57  Pylon  
  165  14:59  Probe  
  166  15:11  Probe, Void Ray  
  171  15:31  Probe  
  172  15:44  Probe  
  173  15:51  Void Ray  
Show
View Real Time Build Order
Export as new Build Order

ILIEKEGGPIE Terran - Winner!

Build Orders: Mech 

Get SALT Encoding   

  12  0:01  SCV  
  13  0:13  SCV  
  14  0:18  Supply Depot  
  14  0:28  SCV  
  15  0:40  SCV  
  16  0:49  Barracks  
  16  0:50  Refinery  
  16  0:58  SCV  
  17  1:10  SCV  
  18  1:22  SCV  
  19  1:35  Refinery  
  19  1:36  Orbital Command  
  19  1:37  Marine  
  20  1:45  Supply Depot  
  20  1:59  Marine, Factory  
  21  2:02  SCV  
  22  2:14  SCV  
  23  2:17  Marine  
  24  2:26  SCV  
  25  2:38  SCV  
  26  2:46  Factory Reactor  
  26  2:47  Barracks Reactor  
  26  2:49  Factory  
  26  2:50  Command Center  
  26  3:03  SCV  
  27  3:15  SCV  
  27  3:18  Supply Depot  
  28  3:24  Hellion  
  30  3:37  Factory Tech Lab  
  30  3:40  Hellion  
  32  3:46  Barracks Reactor, Factory  
  32  3:51  Hellion  
  34  3:57  Infernal Pre-Igniter  
  34  4:15  Orbital Command  
  37  4:18  SCV  
  38  4:27  Supply Depot  
  38  4:30  SCV  
  38  4:31  Barracks Tech Lab  
  39  4:33  Widow Mine  
  39  4:34  Factory, Hellion x2  
  39  4:35  Siege Tank  
  45  4:42  SCV  
  46  4:47  Engineering Bay  
  46  4:48  SCV  
  47  4:54  SCV  
  48  5:00  SCV  
  48  5:06  SCV  
  50  5:12  SCV  
  51  5:14  Factory  
  51  5:18  Armory, SCV  
  52  5:21  Hellion  
  52  5:22  Hellion x3  
  52  5:23  Barracks Tech Lab  
  52  5:25  SCV  
  61  5:30  SCV  
  62  5:45  Supply Depot  
  62  5:49  Supply Depot  
  62  6:07  Siege Tank x2, Hellion  
  70  6:15  SCV x2  
  72  6:18  Refinery  
  72  6:20  Refinery  
  72  6:37  Supply Depot  
  72  6:44  Smart Servos  
  75  6:47  Siege Tank  
  75  6:48  Hellion  
  75  6:52  Supply Depot  
  77  6:55  Supply Depot  
  77  6:59  Supply Depot, Hellion x2  
  81  7:15  Supply Depot  
  81  7:41  Thor x2  
  61  8:08  Widow Mine x2  
  65  8:20  Missile Turret  
  65  8:22  Missile Turret x2  
  65  8:23  Missile Turret x2  
  65  8:24  Thor  
  65  8:25  Missile Turret  
  71  8:44  Missile Turret  
  71  8:47  Thor, Missile Turret  
  77  8:49  Missile Turret x3  
  77  8:52  Missile Turret x2  
  78  8:55  SCV x2  
  79  9:07  Thor, SCV  
  79  9:08  SCV  
  87  9:19  SCV  
  88  9:30  Thor  
  94  9:50  Thor  
  67  10:13  Thor  
  67  10:14  Factory Tech Lab  
  69  10:16  Thor  
  69  10:19  Factory Tech Lab  
  75  10:33  Thor  
  81  10:44  Armory  
  81  10:45  Hi-Sec Auto Tracking  
  81  10:52  Thor  
  81  10:53  Thor  
  81  10:56  Thor  
  99  10:59  Thor  
  99  11:00  Supply Depot  
  105  11:20  Sensor Tower  
  105  11:21  Thor  
  105  11:22  Supply Depot  
  111  11:41  Sensor Tower  
  111  11:43  Thor  
  117  11:51  Thor x10  
  117  12:01  Thor  
  117  12:05  Command Center  
  123  12:11  Terran Vehicle And Ship Armor Level 1, Terran Vehicle Weapons Level 1  
  123  12:44  SCV x2  
  125  12:56  SCV  
  126  12:59  Refinery  
  126  13:05  Thor  
  126  13:09  SCV  
  133  13:14  Supply Depot  
  133  13:15  Thor, Supply Depot  
  133  13:16  Thor  
  127  13:20  Supply Depot  
  122  13:46  Thor  
  122  13:47  Refinery  
  128  13:51  Orbital Command  
  128  14:06  Thor x10  
  128  14:07  Thor x17  
  128  14:10  Thor x17  
  128  14:13  Thor x17  
  128  14:29  SCV x2  
  130  14:38  Sensor Tower  
  130  14:41  SCV  
  131  15:20  SCV  
  131  15:21  SCV  
  133  15:33  Thor x17, SCV  
  134  16:03  Command Center  
  134  16:32  Thor x8  
  134  16:37  Thor x2  
  134  16:38  Thor x2, Supply Depot  
  158  16:41  Supply Depot  
  158  16:58  Terran Vehicle Weapons Level 2  
  158  16:59  Thor, Terran Vehicle And Ship Armor Level 2  
  110  17:49  Orbital Command  
  104  17:52  Refinery  
  102  18:16  Sensor Tower  
Show
View Real Time Build Order
Export as new Build Order

Constantine Terran - Winner!

Build Orders:  

Get SALT Encoding   

  12  0:01  SCV  
  13  0:17  Supply Depot  
  13  0:19  SCV  
  14  0:26  Refinery  
  14  0:40  Barracks  
  14  0:42  SCV  
  15  0:54  SCV  
  16  1:08  Refinery  
  16  1:09  SCV  
  17  1:31  Factory  
  17  1:39  Orbital Command  
  17  1:43  Barracks Reactor  
  17  2:17  Factory Reactor, Supply Depot  
  17  2:24  Marine x2  
  19  2:36  SCV  
  20  2:41  Marine  
  20  2:42  Marine  
  22  2:48  SCV  
  23  2:57  Engineering Bay  
  23  2:59  Marine x2  
  23  3:00  SCV  
  26  3:09  Cyclone  
  29  3:17  Marine x2  
  31  3:26  Armory  
  29  3:34  Supply Depot, Terran Infantry Weapons Level 1  
  29  3:35  Marine x2  
  28  3:49  Cyclone  
  28  3:55  Marine x2  
  33  4:13  Marine x2  
  33  4:15  Cyclone  
  38  4:25  Terran Vehicle Weapons Level 1  
  38  4:31  Marine  
  39  4:57  Command Center  
  39  5:29  Terran Infantry Armor Level 1  
  39  5:32  Barracks  
  39  5:36  Marine  
  39  5:38  Factory  
  40  6:09  Cyclone  
  40  6:10  Cyclone  
  46  6:19  Terran Vehicle And Ship Armor Level 1  
  29  6:52  Factory Tech Lab  
  26  6:54  Barracks Tech Lab  
  26  7:03  SCV  
  27  7:16  SCV  
  27  7:22  Terran Infantry Weapons Level 2  
  28  7:28  SCV  
  29  7:34  Sensor Tower  
  29  7:40  SCV  
  29  7:41  Marine  
  29  7:42  Marine x2  
  33  7:48  Combat Shield  
  33  7:52  Missile Turret, SCV  
  33  7:55  Rapid Fire Launchers  
  34  7:59  Marine  
  34  8:00  Marine x2  
  34  8:04  SCV  
  38  8:10  Refinery  
  38  8:13  Refinery, Terran Vehicle Weapons Level 2  
  38  8:16  SCV  
  39  8:28  Cyclone, SCV  
  39  8:29  Marine  
  39  8:30  Marine  
  46  8:42  Orbital Command  
  45  9:08  Stimpack  
  45  9:17  Supply Depot  
  45  9:27  SCV  
  46  9:37  Marine x3  
  46  9:38  Terran Infantry Armor Level 2  
  49  9:39  SCV  
  49  9:40  Supply Depot  
  50  9:51  SCV  
  51  9:55  Marine x3  
  54  10:03  SCV  
  55  10:12  Marine  
  55  10:13  Marine x2  
  58  10:15  SCV  
  59  10:29  Terran Vehicle And Ship Armor Level 2  
  59  10:30  Marine  
  59  10:31  Marine x2  
  62  10:36  Cyclone  
  62  10:37  Cyclone x2  
  71  10:48  Marine  
  71  10:49  Marine x2  
  74  11:04  Command Center  
  74  11:06  Marine x3  
  77  11:15  Refinery x2  
  77  11:22  Missile Turret  
  77  11:24  Missile Turret, Marine  
  78  11:26  Cyclone, Marine x2  
  83  11:35  Cyclone x2  
  89  11:41  Marine  
  89  11:42  SCV  
  89  11:43  Missile Turret  
  89  11:44  Marine  
  89  11:45  Missile Turret  
  92  12:04  Missile Turret  
  92  12:05  Terran Infantry Weapons Level 3  
  92  12:22  Planetary Fortress  
  92  12:45  Marine x3, Terran Vehicle Weapons Level 3  
  95  12:57  SCV  
  96  12:59  SCV  
  96  13:03  Marine x3  
  100  13:09  SCV  
  100  13:11  SCV  
  102  13:20  Marine  
  102  13:21  SCV, Marine x2  
  102  13:23  SCV  
  107  13:35  SCV  
  107  13:38  Marine  
  107  13:39  Marine  
  88  13:47  SCV  
  66  13:59  SCV  
  66  14:00  Cyclone x3  
  76  14:12  SCV  
  77  14:24  SCV  
  78  14:32  Cyclone x3  
  87  14:52  Hi-Sec Auto Tracking  
  87  15:04  Cyclone x3  
  87  15:06  Marine  
  87  15:07  Marine x2  
  99  15:24  Marine x3  
  102  15:36  Cyclone x3  
  102  15:42  Marine x3  
  114  16:00  Marine x3  
  117  16:08  Cyclone  
  117  16:09  Cyclone  
  123  16:17  Marine  
  123  16:18  Marine  
  125  17:02  Marine  
  125  17:03  Marine x2  
  125  17:05  Cyclone x2  
  125  17:06  Cyclone  
  119  17:20  Marine  
  119  17:21  Marine x2  
  122  17:37  Cyclone  
  125  18:04  Supply Depot  
  125  18:05  Supply Depot  
  125  18:10  Supply Depot  
  125  18:13  Supply Depot  
  125  18:21  Marine  
  125  18:22  Cyclone  
  125  18:23  Cyclone  
  125  18:26  Cyclone  
  127  18:39  Marine  
  128  18:54  Cyclone  
  120  18:55  Cyclone  
  120  18:58  Cyclone  
  123  19:26  Cyclone  
  126  19:54  Starport  
  126  20:30  Viking  
  128  21:00  Viking  
  130  21:30  Viking  
Show
View Real Time Build Order
Export as new Build Order

XDJ Zerg - Winner!

Build Orders: Pool First 

Get SALT Encoding   

  12  0:02  Drone  
  13  0:10  Drone  
  14  0:18  Overlord  
  14  0:36  Spawning Pool  
  14  0:38  Drone  
  14  0:43  Drone  
  15  0:52  Drone  
  15  0:56  Extractor  
  15  0:57  Drone  
  16  1:05  Drone  
  17  1:23  Hatchery  
  16  1:26  Drone  
  17  1:34  Queen  
  19  1:48  Spine Crawler  
  19  1:49  Drone  
  19  1:50  Drone  
  20  2:02  Zergling x4  
  22  2:12  Extractor  
  22  2:15  Zergling x2  
  22  2:23  Overlord  
  22  2:35  Queen  
  22  2:36  Overlord  
  24  2:44  Zergling x4  
  24  2:48  Metabolic Boost  
  26  2:53  Drone  
  27  2:58  Drone  
  27  3:02  Zergling x2  
  27  3:04  Zergling x2  
  30  3:08  Zergling x2  
  30  3:12  Zergling x2  
  32  3:21  Zergling x2  
  33  3:31  Zergling x2  
  35  3:34  Drone x2  
  36  3:54  Lair  
  36  3:56  Zergling x8  
  36  3:59  Drone x2  
  33  4:34  Zergling x8  
  33  4:35  Zergling x2  
  37  4:45  Extractor  
  36  4:48  Zergling x6  
  36  4:50  Zergling x2  
  36  5:03  Zergling x2  
  36  5:04  Zergling x2  
  36  5:06  Zergling x2  
  37  5:16  Zergling x2  
  37  5:17  Zergling x4  
  37  5:18  Zergling x2  
  37  5:19  Zergling x2  
  38  5:30  Zergling x2  
  28  6:18  Zergling x8  
  29  6:19  Zergling x4  
  33  6:26  Evolution Chamber  
  33  6:28  Evolution Chamber  
  33  6:32  Hydralisk Den  
  30  6:33  Zergling x4  
  30  6:34  Zergling x12  
  38  6:51  Zergling x2  
  39  6:58  Zergling x8  
  41  7:01  Zergling x2  
  32  7:33  Zergling x8  
  32  7:34  Zergling x2  
  32  7:36  Muscular Augments  
  34  7:42  Hydralisk x3  
  40  7:52  Zerg Missile Weapons Level 1  
  40  7:54  Zerg Melee Weapons Level 1  
  40  8:03  Hydralisk  
  40  8:04  Hydralisk  
  44  8:14  Overlord  
  44  8:15  Overlord x2  
  44  8:27  Overlord  
  44  8:29  Hatchery  
  43  8:36  Zergling x6  
  43  8:38  Hydralisk  
  43  8:39  Hydralisk  
  50  8:47  Grooved Spines  
  50  8:51  Overseer  
  50  8:56  Hydralisk x2  
  54  9:04  Overlord  
  51  9:46  Zerg Ground Armor Level 1  
  33  9:55  Hydralisk x4  
  33  9:56  Hydralisk  
  37  10:03  Zergling x4  
  39  10:10  Drone x2  
  41  10:18  Drone  
  42  10:31  Hydralisk  
  42  10:33  Hydralisk  
  46  10:42  Drone  
  46  10:43  Drone  
  47  11:02  Spire  
  46  11:08  Hydralisk  
  48  11:19  Drone  
  48  11:20  Drone  
  48  11:21  Drone  
  48  11:25  Drone x3  
  54  11:35  Hydralisk  
  54  11:37  Hydralisk  
  58  11:43  Drone  
  58  11:44  Drone  
  60  11:54  Zerg Melee Weapons Level 2  
  60  11:58  Hydralisk  
  62  12:01  Hydralisk  
  64  12:10  Extractor  
  63  12:17  Spore Crawler  
  63  12:18  Corruptor  
  63  12:19  Corruptor  
  66  12:34  Corruptor, Extractor  
  66  12:35  Hydralisk  
  69  12:37  Zergling x2  
  70  12:50  Zerg Flyer Weapons Level 1  
  70  12:51  Zergling x2  
  70  12:52  Zergling x4  
  70  12:53  Zergling x2  
  74  13:11  Corruptor  
  76  13:13  Zergling x4  
  78  13:27  Zergling x2  
  78  13:28  Zergling x4  
  74  13:59  Corruptor x2  
  78  14:10  Infestation Pit, Zerg Missile Weapons Level 2  
  78  14:13  Hydralisk  
  78  14:16  Zergling x2  
  81  14:17  Zergling x2  
  81  14:20  Overlord x3  
  81  14:39  Zergling x4  
  81  14:41  Zergling x6  
  86  14:55  Zergling x2  
  86  14:56  Zergling x6  
  90  15:05  Hive  
  90  15:10  Corruptor  
  92  15:33  Overlord x2, Corruptor  
  94  16:14  Corruptor x3  
  100  16:19  Greater Spire  
  100  16:20  Hydralisk x3  
  85  17:24  Zergling x6  
  85  17:27  Adrenal Glands  
  88  17:31  Zerg Ground Armor Level 2  
  88  17:42  Brood Lord  
  89  18:19  Corruptor x2  
  89  18:20  Corruptor  
  89  18:23  Zergling x4  
  89  18:24  Zergling x2  
  89  18:25  Zergling x10  
  103  18:27  Zergling x2  
  103  18:28  Zergling x8  
  88  19:03  Zergling x6  
  88  19:07  Zergling x6  
  88  19:09  Zergling x4  
  97  19:10  Zergling x8  
  100  19:26  Brood Lord x3  
  106  20:32  Corruptor x4  
  106  20:35  Overlord  
  114  20:55  Corruptor x2  
Tags
 
Add a new tag
Caveats
  • Supply blocks, unpowered buildings, or Contaminate may cause inaccurate times.
  • Supply counts are checked every 10 seconds.